AoeStats
← Gengis Khan5473

Arena

506885937Analyzed
1v1 RM · 18d ago on Sep 15, 2026· 37m 48s· 2 players
Game mode
Random Map
Map size
Tiny (2 player)
Population
200
Speed
Normal
Resources
Standard
Victory
Conquest
Starting age
Dark Age
Ending age
Imperial Age
RankedLock teamsTeams togetherTeam positionsShared explorationLock speedFull tech treeHidden civsTurbo modeCheats
Victory
Defeat
🇬🇧 Celts · United Kingdom
647
+17
🇵🇪 Romans · Peru
662
-34
Jack.
11:52 Feudal Age
17:17 Castle Age
15:03 Loom
16:56 Double-Bit Axe
17:04 Gold Mining
17:22 Scale Mail Armor
18:05 Forging
18:28 Arson
20:34 Pikeman
24:33 Chain Mail Armor
Gengis Khan5473
12:55 Feudal Age
14:46 Horse Collar
20:32 Castle Age
21:35 Pikeman
29:17 Light Cavalry
30:09 Forging
37:38 Ballistics
Connection lost

Rejoining the realm…

Still unreachable

The connection could not be restored.

Session expired

The server has moved on; the page needs a fresh start.